 Dungeon Crawl Stone Soup version 0.31-a0-879-g1609e0ac53 (webtiles) character file.

Game seed: 6802335980478547760

3439 Spaninq the Mimic (level 9, -17/79 HPs)
             Began as a Red Draconian Shapeshifter on Oct 14, 2023.
             Was a Believer of Ashenzari.
             Demolished by a cyclops (22 damage)
             ... on level 7 of the Dungeon.
             The game lasted 00:32:23 (7172 turns).

Spaninq the Mimic (Red Draconian Shapeshifter)      Turns: 7172, Time: 00:32:24

Health: -17/79     AC:  7    Str: 20    XL:     9   Next: 77%
Magic:  11/11      EV: 13    Int: 11    God:    Ashenzari [**....]
Gold:   302        SH:  0    Dex: 11    Spells: 11/11 levels left

rFire   + . .        s - +3 hand axe of Ashenzari's Servitude {elec, Bglg, Elem} (curse)
rCold   . . .        (no shield)
rNeg    . . .        (body armour unavailable)
rPois   .            (helmet currently unavailable)
rElec   .            t - melded scarf {+Inv}
rCorr   .            (gloves currently unavailable)
SInv    +            e - melded +0 pair of boots of the Eternal Apathy {Alch, Bglg} (curse)
Will    .....        (no amulet)
Stlth   +            q - ring of Ashenzari's Sorrow {Slay+4, Self, Elem} (curse)
HPRegen 0.33/turn    x - +4 ring of slaying
MPRegen 0.12/turn

%: no passive effects
@: beast-form
A: beast (slay +4), breathe fire, AC +7, unfitting armour, fire resistance 1,
cold-blooded
a: Breathe Fire, Begin Untransformation, Renounce Religion, Shatter the Chains


You were on level 7 of the Dungeon.
You worshipped Ashenzari.
Ashenzari was pleased with you.
You were a hulking beast.
You visited 1 branch of the dungeon, and saw 7 of its levels.

You collected 302 gold pieces.

Inventory:

Hand Weapons
 o - a +2 dagger of venom
 s - the cursed +3 hand axe of Ashenzari's Servitude (weapon) {elec, Bglg, Elem}
   (You found it on level 4 of the Dungeon)

   It has a curse which improves the following skills: Beguiling: Conjurations,
   Hexes and Translocations.
   Elements:  Fire Magic, Ice Magic, Air Magic and Earth Magic.
Missiles
 p - 5 throwing nets
Armour
 d - a +0 pair of gloves
 e - the cursed +0 pair of boots of the Eternal Apathy (melded) {Alch, Bglg}
   (You found it on level 1 of the Dungeon)

   It has a curse which improves the following skills: Alchemy: Poison Magic and
   Transmutations.
   Beguiling: Conjurations, Hexes and Translocations.
 n - an orb of energy
 r - an orb of mayhem
 t - a scarf of invisibility (melded)
 v - a +2 kite shield
Jewellery
 q - the cursed ring of Ashenzari's Sorrow (left hand) {Slay+4, Self, Elem}
   (You found it on level 6 of the Dungeon)

   [ring of slaying]

   Slay+4:    It affects your accuracy & damage with ranged weapons and melee
   (+4).
   It has a curse which improves the following skills: Introspection: Fighting
   and Spellcasting.
   Elements:  Fire Magic, Ice Magic, Air Magic and Earth Magic.
 w - a ring of flight
 x - a +4 ring of slaying (right hand)
Talismans
 b - a beast talisman (active)
 c - a flux talisman
Scrolls
 g - a scroll of teleportation
 i - a scroll of identify
 j - 2 scrolls of enchant weapon
 l - a scroll of amnesia
 m - a scroll of fog
Potions
 a - a potion of lignification
 f - a potion of brilliance
 h - a potion of heal wounds
 k - a potion of curing
 u - a potion of degeneration
 z - a potion of ambrosia
 A - a potion of berserk rage


   Skills:
 + Level 6.2(7.4) Fighting
 - Level 6.0 Axes
 + Level 5.4 Dodging
 * Level 3.4 Shields
 - Level 4.0 Unarmed Combat
 - Level 1.0(1.6) Spellcasting
 * Level 8.1 Shapeshifting


You had 11 spell levels left.
You didn't know any spells.
Your spell library contained the following spells:

 Spells                   Type           Power      Damage    Failure   Level
 Freeze                   Ice            4%         1d3       28%         1
 Magic Dart               Conj           4%         1d3       28%         1
 Slow                     Hex            4%         N/A       28%         1
 Necrotise                Necr           0%         1d4       30%         1
 Call Imp                 Summ           0%         N/A       41%         2
 Sublimation of Blood     Necr           0%         N/A       41%         2
 Wereblood                Tmut           0%         N/A       41%         2
 Frozen Ramparts          Ice            2%         1d1       63%         3
 Hailstorm                Conj/Ice       1%         3d3       63%         3
 Confusing Touch          Hex            1%         N/A       65%         3
 Mephitic Cloud           Conj/Pois/Air  1%         N/A       65%         3
 Sigil of Binding         Hex            1%         N/A       65%         3
 Vampiric Draining        Necr           0%         2d6       65%         3
 Summon Ice Beast         Ice/Summ       1%         N/A       96%         4
 Agony                    Necr           0%         N/A       100%        5
 Simulacrum               Ice/Necr       0%         N/A       100%        6
 Summon Hydra             Summ           0%         N/A       100%        7


Dungeon Overview and Level Annotations

Branches:
Dungeon (7/15)             Temple (0/1) D:6

Altars:
Ashenzari
Hepliaklqana
Nemelex Xobeh
Trog
Zin

Shops:
D:5 *   D:6 *   D:7 !*


Innate Abilities, Weirdness & Mutations

You are a hulking beast.
Your limbs bulge with bestial killing power. (Slay +4)
You can breathe blasts of fire.
Your fiery red scales are hard. (AC +7)
You cannot fit into any form of body armour.
Your flesh is heat resistant. (rF+)
You are cold-blooded and may be slowed by cold attacks.


Message History

The cyclops is heavily wounded.
A slime creature comes into view.
The cyclops hits you!
The slime creature quivers.
You slash the cyclops!
The cyclops is severely wounded.
A troll comes into view.
You slice the cyclops!!
You kill the cyclops!
Your base Fighting skill increases to level 6!
Your Shields skill increases to level 3!
Your Shapeshifting skill increases to level 8!
You hit the komodo dragon.
The komodo dragon is lightly wounded.
The komodo dragon closely misses you.
A deep elf pyromancer comes into view. It is wielding a +0 rapier.
The deep elf pyromancer shouts!
You slash the komodo dragon!
Lightning courses through the komodo dragon!
The komodo dragon is severely wounded.
The komodo dragon bites you!!
You hit the komodo dragon but do no damage.
The komodo dragon is severely wounded.
The komodo dragon bites you!
The deep elf pyromancer mumbles some strange words.
The deep elf pyromancer blinks!
You closely miss the komodo dragon.
The komodo dragon is severely wounded.
The komodo dragon bites you but does no damage.
You hit the komodo dragon but do no damage.
You tail-slap the komodo dragon!
You kill the komodo dragon!
The cyclops hits you!!
* * * LOW HITPOINT WARNING * * *
You hit the cyclops but do no damage. Lightning courses through the cyclops!
The cyclops is moderately wounded.
You slash the cyclops! You tail-slap the cyclops!
The cyclops is severely wounded.
The cyclops hits you!!
You die...

.#.#...#....[#........###......#.
.#.#..####.####...[....#.........
......#)......#...........#......
.....#####.#####...#.....###.....
.....#.........#..###....# #.....
....##.###)###.##...#..### ...#.#
...## ### ##.##....### .## ..##
#..#..#...# ..### ..#
##h##.##.#####..... ..#
..eTyJC#.#....##..#..... .##
#.###o##.##......^...[.. .#
$.?#.##)..#............# ##..
#.##.##...##......##.#.# #..# .
#[#. #..#..#..#....# # #.. .. ###
##..#..##.#...## ..#. .#.
#?.....[#.....# ...
###.....###..###


You could see a slime creature, a cyclops, a deep elf pyromancer, a troll, an
orc warrior and a vampire mosquito.

Vanquished Creatures
  A cyclops (D:7)
  Jeremiah (D:7)
  A komodo dragon (D:7)
  2 steam dragons (D:7)
  An orc warrior (D:7)
  A black bear (D:5)
  An ogre (D:6)
  A wolf (D:7)
  2 centaurs
  Blork the orc (D:6)
  2 bullfrogs (D:7)
  A gnoll sergeant (D:7)
  2 scorpions
  6 wights
  A killer bee (D:7)
  A howler monkey (D:6)
  A gnoll bouda (D:7)
  An orc priest (D:7)
  7 hounds
  2 jellies
  2 sleepcaps
  3 iguanas
  7 orc wizards
  19 gnolls
  5 adders
  A shadow imp (D:7)
  2 worms
  2 dart slugs
  15 orcs
  A ball python (D:3)
  A bat (D:1)
  6 endoplasms
  3 giant cockroaches
  35 goblins
  27 hobgoblins
  4 jackals (D:3)
  2 quokkas (D:4)
  7 frilled lizards
  9 kobolds
  6 rats
193 creatures vanquished.

Notes
Turn   | Place    | Note
-------+----------+-------------------------------------------
     0 | D:1      | Spaninq the Draconian Shapeshifter began the quest for the
                  | Orb.
     0 | D:1      | Reached XP level 1. HP: 16/16 MP: 1/1
   258 | D:1      | Reached XP level 2. HP: 23/23 MP: 2/2
  1187 | D:2      | Reached XP level 3. HP: 28/28 MP: 3/3
  1797 | D:3      | Reached XP level 4. HP: 36/36 MP: 5/5
  1858 | D:3      | Reached skill level 1 in Spellcasting
  2235 | D:3      | Reached XP level 5. HP: 42/42 MP: 6/6
  2320 | D:3      | Reached skill level 4 in Shapeshifting
  3421 | D:4      | Reached XP level 6. HP: 50/51 MP: 7/7
  3489 | D:4      | Identified the +6 ring mail of Zin's Castigation {rElec}
  3738 | D:4      | Identified the +0 chain mail of the Vacuum {Rampage rC-
                  | Regen+ Str+4}
  3846 | D:5      | Entered Level 5 of the Dungeon
  3966 | D:5      | Noticed an ice beast
  4143 | D:5      | Found a broken altar of Ashenzari.
  4151 | D:5      | Reached skill level 1 in Axes
  4151 | D:5      | Reached skill level 5 in Shapeshifting
  4160 | D:5      | Became a worshipper of Ashenzari the Shackled
  4242 | D:5      | Found Qeffuvann's Elemental Accessories.
  4265 | D:5      | Your scales start taking on a fiery red colour.
  4265 | D:5      | Reached XP level 7. HP: 57/57 MP: 8/8
  4265 | D:5      | Gained mutation: Your flesh is heat resistant. (rF+) [Red
                  | Draconian growth]
  4526 | D:5      | Found a sparkling altar of Nemelex Xobeh.
  4927 | D:6      | Found a bloodstained altar of Trog.
  5048 | D:6      | Noticed Blork the orc
  5057 | D:6      | Killed Blork the orc
  5161 | D:6      | Found a staircase to the Ecumenical Temple.
  5176 | D:6      | Found Zin's Purification Station.
  5179 | D:6      | Found a glowing silver altar of Zin.
  5338 | D:6      | Reached XP level 8. HP: 59/66 MP: 9/9
  5344 | D:6      | Reached skill level 6 in Shapeshifting
  5427 | D:6      | Found a hazy altar of Hepliaklqana.
  5523 | D:6      | Reached * piety under Ashenzari
  5993 | D:7      | Identified the +0 leather armour of Freedom {Rampage}
  6008 | D:7      | Found Kauhoem's General Store.
  6096 | D:7      | Noticed Jeremiah
  6138 | D:7      | HP: 3/62 [Jeremiah/divine providence (10)]
  6144 | D:7      | Killed Jeremiah
  6145 | D:7      | Reached skill level 5 in Fighting
  6145 | D:7      | Reached skill level 5 in Axes
  6340 | D:7      | Reached skill level 7 in Shapeshifting
  6343 | D:7      | Reached XP level 9. HP: 28/74 MP: 10/10
  6924 | D:7      | Found Qeapn's Distillery.
  6995 | D:7      | Reached skill level 5 in Dodging
  7031 | D:7      | Reached ** piety under Ashenzari
  7038 | D:7      | Reached skill level 1 in Shields
  7160 | D:7      | Identified the +4 whip of Massacring {drain, rN++ Will+}
  7160 | D:7      | Noticed a cyclops
  7160 | D:7      | Noticed a komodo dragon
  7160 | D:7      | Noticed a cyclops
  7162 | D:7      | Noticed a troll
  7163 | D:7      | Killed a cyclops
  7164 | D:7      | Reached skill level 8 in Shapeshifting
  7164 | D:7      | Noticed a deep elf pyromancer
  7168 | D:7      | Killed a komodo dragon
  7172 | D:7      | Demolished by a cyclops

Illustrated notes

Levels and vault maps discovered:
D:1:      dpeg_arrival_prison, layout_loops_cross, serial_rivers,
          chequers_serial_rivers_micro_d, chequers_serial_rivers_micro_a,
          chequers_serial_rivers_marsh, chequers_serial_rivers_micro_e
D:2:      layout_loops_cross, minmay_misc_feat_chi, minmay_lizard_pond
D:3:      minmay_goblin_kobold_castle, layout_basic
D:4:      layout_gridville, hangedman_abyss_or_decor_slice, kennysheep_dice
D:5:      layout_cave_pools, general_overflow_altar,
          mainiacjoe_overflow_tiny_flanked, nicolae_elemental_shop
D:6:      layout_gridville, zin_purify, mainiacjoe_overflow_alcove_1,
          trog_three_pillars_becter, minmay_temple_entry_trees,
          uniq_blork_the_orc
D:7:      minmay_the_grid_triangle_9x9_recursive_2
          [minmay_the_grid_triangle_9x9_prize_top_heavy,
          minmay_the_grid_triangle_9x9_negative_grid,
          minmay_the_grid_triangle_9x9_dagger,
          minmay_the_grid_triangle_9x9_skeleton], layout_cave_pools,
          serial_gnoll_camp, gnoll_camp_mini_house, gnoll_camp_mini_doghouse,
          gnoll_camp_mini_house, gnoll_camp_mini_shop, gnoll_camp_mini_hut,
          gnoll_camp_mini_shop, uniq_jeremiah

Skill      XL: |  1  2  3  4  5  6  7  8  9 |
---------------+----------------------------+-----
Dodging        | 2 3 4 5 |  5.4
Fighting       | 2 3 4 5 6 |  6.2
Spellcasting   | 1 |  1.0
Unarmed Combat | 4 |  4.0
Shapeshifting  | 4 5 7 8 |  8.1
Axes           | 1 3 5 6 |  6.0
Shields        | 3 |  3.4

Action                     |  1- 3 |  4- 6 |  7- 9 || total
---------------------------+-------+-------+-------++-------
  Melee: Unarmed           |   114 |    29 |       ||   143
         Punch             |     2 |     5 |     4 ||    11
         Tailslap          |     8 |    27 |    31 ||    66
         Dagger            |       |   122 |       ||   122
         Hand axe          |       |    45 |   218 ||   263
 Invoke: Curse Item        |       |       |     3 ||     3
Ability: Begin Untransform |       |     1 |       ||     1
         Breathe Fire      |       |       |     2 ||     2
    Use: Scroll            |       |    11 |       ||    11
         Potion            |       |       |     3 ||     3
   Stab: Sleeping          |     2 |     1 |       ||     3
 Armour: Skin              |    40 |   149 |   142 ||   331
  Dodge: Dodged            |    74 |   130 |   125 ||   329
   Form: Beast             |       |     2 |       ||     2
                           |       |     1 |       ||     1

Table legend: (Time is in decaauts)
 A = Elapsed time spent in this place.
 B = Non-inter-level travel time spent in this place.
 C = Inter-level travel time spent in this place.
 D = Time resting spent in this place.
 E = Time spent auto-exploring this place.
 F = Levels seen in this place.
 G = Mean time per level.
                   A        B        C        D        E       F      G
               +--------+--------+--------+--------+--------+-----+--------+
         Total |   7198 |   6969 |    229 |    269 |   5034 |   7 | 1028.3 |
       Dungeon |   7198 |   6969 |    229 |    269 |   5034 |   7 | 1028.3 |
               +--------+--------+--------+--------+--------+-----+--------+

Top non-repeatable levels by time:
     D:3: 1843 daAuts
     D:6: 1302 daAuts
     D:7: 1180 daAuts
     D:4: 793 daAuts
     D:5: 754 daAuts
     D:1: 752 daAuts
     D:2: 571 daAuts
